 Dungeon Sprint DCSS version 0.27-a0-931-g5a74e75d8f (webtiles) character file.

Game seed: 1642696991581597493

19200000 Canard the Axe Maniac (level 27, -2/249 HPs)
             Began as a Formicid Fighter on Apr 10, 2021.
             Was the Champion of Makhleb.
             Killed from afar by a dread (19 damage)
             ... with damnation
             ... in the Dungeon (Sprint VIII: "Arena of Blood").
             The game lasted 00:06:30 (192 turns).

Canard the Axe Maniac (Formicid Fighter)             Turns: 192, Time: 00:06:30

Health: -2/249     AC: 13    Str: 32    XL:     27
Magic:  54/54      EV: 20    Int: 10    God:    Makhleb [******]
Gold:   0          SH: 19    Dex: 10    Spells: 80/80 levels left

rFire    . . .     SeeInvis +   h - +∞ Axe of Woe
rCold    . . .     Faith    .   c - +0 kite shield
rNeg     . . .     Spirit   .   b - +0 scale mail
rPois    .         Reflect  .   (helmet unavailable)
rElec    .         Harm     .   (no cloak)
rCorr    .         Rampage  .   (no gloves)
Will     ++...                  (no boots)
Stlth    ++++++++..             (no amulet)
HPRegen  0.51/turn              (no ring)
MPRegen  0.34/turn              (no ring)

@: no status effects
A: permanent stasis, dig shafts and tunnels, antennae 3, four strong arms
a: Dig, Renounce Religion, Minor Destruction, Lesser Servant of Makhleb, Major
Destruction, Greater Servant of Makhleb


You were in the Dungeon.
You worshipped Makhleb.
Makhleb was exalted by your worship.
You visited 1 branch


Innate Abilities, Weirdness & Mutations

You cannot be hasted, slowed, berserked, paralysed or teleported.
You can dig through walls and to a lower floor.
You have a pair of large antennae on your head. (SInv)
Your four strong arms can wield two-handed weapons with a shield.


   Skills:
 O Level 27 Fighting
 + Level 15.8(17.9) Short Blades
 + Level 14.6(17.3) Long Blades
 O Level 27 Axes
 O Level 27 Maces & Flails
 O Level 27 Polearms
 O Level 27 Staves
 + Level 15.8(18.6) Slings
 + Level 13.5 Bows
 + Level 15.7 Crossbows
 + Level 15.7(17.8) Throwing
 O Level 27 Armour
 O Level 27 Dodging
 O Level 27 Stealth
 O Level 27 Shields
 O Level 27 Unarmed Combat
 O Level 27 Spellcasting
 + Level 14.6 Conjurations
 + Level 18.2 Hexes
 + Level 15.7 Summonings
 + Level 15.8 Necromancy
 + Level 14.7 Translocations
 + Level 17.0 Transmutations
 + Level 15.8 Fire Magic
 + Level 15.8 Ice Magic
 + Level 13.6 Air Magic
 + Level 18.3 Earth Magic
 + Level 19.7 Poison Magic
 O Level 27 Invocations
 O Level 27 Evocations


You had 80 spell levels left.
You didn't know any spells.
Your spell library was empty.

Inventory:

Hand Weapons
 a - a +0 war axe {axe}
 h - the +∞ Axe of Woe (weapon)
   (You found it in the Dungeon)
Armour
 b - a +0 scale mail (worn)
 c - a +0 kite shield (worn)
Jewellery
 i - a +30 ring of slaying
   (You took it off an ogre in the Dungeon)
Potions
 d - a potion of might
 e - a potion of curing {@q1}
 f - a potion of heal wounds {@q2}
 g - 2 potions of magic

Dungeon Overview and Level Annotations

Branches:
Dungeon (1/1)

Altars:
Makhleb

....#.. #.
o...#.o ..
....o.p ..
......W
..S.Dp.
..oWS..
##.O2S.po
##...W.ooS
##@#..###WW
#.##.O..#
#.# .....#
#.# .......
#.# ###....
{ { #.#
###. #.## {
##.## ##.##


You could see a meat beast (fast), an eight-headed meat hydra, 3 scourges, 2
fleshlords, 2 dreads, a meat berserker (berserk) and 4 bags of meat.


Message History

You hear a shout! x14
You dig through the rock wall.
You hear a shout! x17
You dig through the rock wall.
You hear a shout! x19
You dig through the rock wall.
You hear a shout! x17
You dig through the rock wall.
You hear a shout! x13
You dig through the rock wall.
You hear a shout! x7
You dig through the rock wall.
You hear a deafening roar!
You hear an angry hiss.
You hear a shout! x16
You hear a roar!
You dig through the rock wall.
You hear a shout! x12
You dig through the rock wall.
You hear a shout! x12
You dig through the rock wall.
You hear a shout! x13
You dig through the rock wall. 2 sea snakes, a hydra, a great orb of eyes, 3 orcs, 2 ogres, a hell beast, 4 wraiths and a lich come into view.
The meat berserker shouts! x2; The bag of meat shouts!
You hear a shout! x7
The dread calls on the powers of darkness!
The scourge convulses!
The observer convulses!
Your body is wracked with pain!
* * * LOW HITPOINT WARNING * * *
The bag of meat convulses!
The meat berserker convulses!
The bag of meat convulses! x2; The eight-headed meat hydra convulses!
The eight-headed meat hydra roars!
The scourge convulses!
You hear a shout!
A bag of meat comes into view. It is wielding a +9 war axe.
You hear a shout!
A fleshlord comes into view. It is wielding a +9 great mace.
You hear a shout!
A bag of meat comes into view. It is wielding a +9 war axe. x2
You hear a shout!
A scourge comes into view.
The meat berserker rages.
You hear a shout! x5
The dread calls on the powers of darkness!
The scourge convulses!
The bag of meat convulses!
The meat berserker convulses!
The observer convulses!
Your body is wracked with pain!
* * * LOW HITPOINT WARNING * * *
The bag of meat convulses!
The scourge convulses!
The scourge hisses angrily.
The bag of meat convulses! x2; The fleshlord convulses! x2
The eight-headed meat hydra convulses!
The scourge convulses!
The tyrant moves out of view.
The dread moves out of view.
You hear a shout!
A hell knight and a phantom come into view. 😨 HP[-185]
You take 185 damage, and now have 64/249 hp.
MASSIVE DAMAGE!! (PAUSE)
You retract your mandibles.
The bag of meat shouts! x2
You slash the observer!
You fatally mangle the observer.
You kill the observer!
Makhleb accepts your kill.
You feel better.
You hear a shout!
You hear two shouts!
You hear a shout! x6
The dread calls on the powers of darkness!
The bag of meat convulses!
The scourge convulses!
Your body is wracked with pain!
* * * LOW HITPOINT WARNING * * *
The bag of meat convulses!
The meat berserker convulses!
The bag of meat convulses! x2; The scourge convulses!
The fleshlord convulses!
The eight-headed meat hydra convulses!
The fleshlord convulses!
The scourge convulses!
The bag of meat convulses! x2
You hear a shout! x4
A scourge comes into view.
A fleshlord comes into view. It is wielding a +9 great mace.
A bag of meat comes into view. It is wielding a +9 war axe.
You hear a shout! x3; The scourge hisses angrily.
Your Hexes skill increases to level 18!
Your Transmutations skill increases to level 17! 😱 HP[-2]
You take 2 damage, and now have 62/249 hp.
Unknown command.
You hear a shout! x5
The dread calls on the powers of darkness!
The bag of meat convulses!
The scourge convulses! x2
The eight-headed meat hydra convulses!
The fleshlord convulses!
The meat berserker convulses!
The scourge convulses!
The bag of meat convulses! x3
Your body is wracked with pain!
* * * LOW HITPOINT WARNING * * *
The bag of meat convulses!
You hear a shout! x3
The eight-headed meat hydra calls on the powers of darkness!
The eight-headed meat hydra convulses!
The fleshlord convulses!
The scourge convulses! x2; The bag of meat convulses!
The scourge convulses!
The meat berserker convulses!
The bag of meat convulses! x4
Your body is wracked with pain!
* * * LOW HITPOINT WARNING * * *
You hear a shout! x3
The dread throws damnation at you.
The sphere of damnation explodes!
The damnation engulfs you!!
You die...

Skill      XL: |  1  2  3  4  5  6  7  8  9 10 11 12 13 14 15 16 17 18 19 20 21 22 23 24 25 26 27 |
---------------+----------------------------------------------------------------------------------+-----
Fighting       | 20 22 27 | 27.0
Axes           | 24 26 27 | 27.0
Armour         | 7 14 21 26 27 | 27.0
Dodging        | 5 12 18 23 27 | 27.0
Shields        | 8 16 23 27 | 27.0
Invocations    | 16 27 | 27.0
Stealth        | 19 27 | 27.0
Unarmed Combat | 15 22 27 | 27.0
Spellcasting   | 15 22 27 | 27.0
Maces & Flails | 15 21 27 | 27.0
Polearms       | 15 21 27 | 27.0
Staves         | 25 27 | 27.0
Short Blades   | 5 10 15 | 15.8
Long Blades    | 4 9 14 | 14.6
Slings         | 5 10 15 | 15.8
Bows           | 4 8 13 | 13.5
Crossbows      | 4 9 15 | 15.7
Throwing       | 4 9 15 | 15.7
Conjurations   | 4 9 14 | 14.6
Hexes          | 5 11 18 | 18.2
Summonings     | 4 9 15 | 15.7
Necromancy     | 5 10 15 | 15.8
Translocations | 4 9 14 | 14.7
Transmutations | 5 10 17 | 17.0
Fire Magic     | 5 10 15 | 15.8
Ice Magic      | 5 10 15 | 15.8
Air Magic      | 4 8 13 | 13.6
Earth Magic    | 6 11 18 | 18.3
Poison Magic   | 7 12 19 | 19.7
Evocations     | 19 27 | 27.0

Action                   |  1- 3 |  4- 6 |  7- 9 | 10-12 | 13-15 | 16-18 | 19-21 | 22-24 | 25-27 || total
-------------------------+-------+-------+-------+-------+-------+-------+-------+-------+-------++-------
Melee: Executioner's axe |     1 |       |       |       |     3 |     3 |     5 |     4 |    17 ||    33
 Abil: Dig               |       |       |       |       |       |       |       |       |     6 ||     6
Block: Kite shield       |       |       |       |       |       |       |       |     1 |     1 ||     2

Levels and vault maps discovered:
D:        meatsprint

Notes
Turn   | Place    | Note
-------+----------+-------------------------------------------
     0 | D        | Found the +∞ Axe of Woe
     0 | D        | Canard the Formicid Fighter began the quest for the Orb.
     0 | D        | Reached XP level 1. HP: 18/18 MP: 1/1
     0 | D        | magus.rc [v1.9.6]
     0 | D        | Noticed a meat berserker
     3 | D        | Killed a meat berserker
     3 | D        | Noticed a meat berserker
     3 | D        | Noticed a bag of meat
     3 | D        | Noticed a bag of meat
     4 | D        | Reached skill level 20 in Fighting
     4 | D        | Reached skill level 24 in Axes
     4 | D        | Reached XP level 2. HP: 52/52 MP: 2/2
     4 | D        | Reached XP level 3. HP: 59/59 MP: 3/3
     4 | D        | Reached XP level 4. HP: 66/66 MP: 4/4
     4 | D        | Reached XP level 5. HP: 73/73 MP: 5/5
     4 | D        | Reached XP level 6. HP: 80/80 MP: 6/6
     4 | D        | Reached XP level 7. HP: 87/87 MP: 7/7
     4 | D        | Reached XP level 8. HP: 94/94 MP: 8/8
     4 | D        | Reached XP level 9. HP: 101/101 MP: 9/9
     4 | D        | Reached XP level 10. HP: 108/108 MP: 10/10
     4 | D        | Reached XP level 11. HP: 115/115 MP: 11/11
     4 | D        | Reached XP level 12. HP: 122/122 MP: 12/12
     4 | D        | Reached XP level 13. HP: 128/128 MP: 13/13
     4 | D        | Noticed a bag of meat
     5 | D        | Became a worshipper of Makhleb the Destroyer
     6 | D        | Killed a bag of meat
     7 | D        | Reached skill level 22 in Fighting
     7 | D        | Reached skill level 26 in Axes
     7 | D        | Reached XP level 14. HP: 98/140 MP: 14/14
     7 | D        | Killed a meat berserker
     7 | D        | Reached * piety under Makhleb
     7 | D        | Noticed a meat berserker
     8 | D        | Reached skill level 27 in Fighting
     8 | D        | Reached skill level 27 in Axes
     8 | D        | Reached skill level 7 in Armour
     8 | D        | Reached skill level 5 in Dodging
     8 | D        | Reached skill level 8 in Shields
     8 | D        | Reached XP level 15. HP: 111/159 MP: 15/15
    10 | D        | Killed a meat berserker
    10 | D        | Noticed a meat berserker
    11 | D        | Reached skill level 14 in Armour
    11 | D        | Reached skill level 12 in Dodging
    11 | D        | Reached skill level 16 in Shields
    11 | D        | Reached XP level 16. HP: 118/167 MP: 16/16
    11 | D        | Noticed a meat berserker
    12 | D        | Noticed a meat berserker
    13 | D        | Noticed a meat berserker
    14 | D        | Reached skill level 17 in Armour
    14 | D        | Reached skill level 14 in Dodging
    14 | D        | Reached skill level 18 in Shields
    14 | D        | Killed a meat berserker
    14 | D        | Reached ** piety under Makhleb
    15 | D        | Reached skill level 21 in Armour
    15 | D        | Reached skill level 18 in Dodging
    15 | D        | Reached skill level 23 in Shields
    15 | D        | Reached XP level 17. HP: 157/174 MP: 17/17
    15 | D        | Reached XP level 18. HP: 164/182 MP: 18/18
    15 | D        | Noticed a large bag of meat
    16 | D        | Killed a meat berserker
    16 | D        | Reached *** piety under Makhleb
    16 | D        | Noticed a meat berserker
    16 | D        | Noticed a meat berserker
    17 | D        | Reached skill level 26 in Armour
    17 | D        | Reached skill level 23 in Dodging
    17 | D        | Reached skill level 27 in Shields
    17 | D        | Reached XP level 19. HP: 189/189 MP: 19/19
    17 | D        | Killed a meat berserker
    17 | D        | Reached **** piety under Makhleb
    18 | D        | Reached skill level 27 in Armour
    18 | D        | Reached skill level 27 in Dodging
    18 | D        | Reached skill level 16 in Invocations
    18 | D        | Reached XP level 20. HP: 197/197 MP: 19/32
    18 | D        | Killed a meat berserker
    18 | D        | Noticed a meat berserker
    19 | D        | Reached skill level 26 in Invocations
    20 | D        | Noticed a large bag of meat
    20 | D        | Reached ***** piety under Makhleb
    21 | D        | Reached skill level 27 in Invocations
    21 | D        | Reached skill level 19 in Stealth
    21 | D        | Reached skill level 15 in Unarmed Combat
    21 | D        | Reached skill level 15 in Spellcasting
    21 | D        | Reached XP level 21. HP: 204/204 MP: 19/40
    22 | D        | Reached skill level 23 in Stealth
    22 | D        | Reached skill level 18 in Unarmed Combat
    22 | D        | Reached skill level 18 in Spellcasting
    22 | D        | Killed a large bag of meat
    23 | D        | Reached skill level 27 in Stealth
    23 | D        | Reached skill level 22 in Unarmed Combat
    23 | D        | Reached skill level 22 in Spellcasting
    23 | D        | Reached XP level 22. HP: 188/212 MP: 19/48
    23 | D        | Killed a meat berserker
    23 | D        | Reached ****** piety under Makhleb
    24 | D        | Reached skill level 27 in Unarmed Combat
    24 | D        | Reached skill level 27 in Spellcasting
    24 | D        | Reached skill level 15 in Maces & Flails
    24 | D        | Reached skill level 15 in Polearms
    24 | D        | Reached XP level 23. HP: 208/219 MP: 20/54
    24 | D        | Noticed a destroyer
    25 | D        | Reached skill level 21 in Maces & Flails
    25 | D        | Reached skill level 21 in Polearms
    25 | D        | Reached XP level 24. HP: 214/227 MP: 20/54
    25 | D        | Noticed a destroyer
    25 | D        | Noticed a large bag of meat
    27 | D        | Reached skill level 25 in Maces & Flails
    27 | D        | Reached skill level 25 in Polearms
    27 | D        | Noticed a large bag of meat
    29 | D        | Reached skill level 27 in Maces & Flails
    29 | D        | Reached skill level 27 in Polearms
    29 | D        | Reached skill level 25 in Staves
    29 | D        | Reached XP level 25. HP: 224/234 MP: 21/54
    29 | D        | Killed a large bag of meat
    30 | D        | Reached skill level 27 in Staves
    30 | D        | Reached skill level 5 in Short Blades
    30 | D        | Reached skill level 4 in Long Blades
    30 | D        | Reached skill level 5 in Slings
    30 | D        | Reached skill level 4 in Bows
    30 | D        | Reached skill level 4 in Crossbows
    30 | D        | Reached skill level 4 in Throwing
    30 | D        | Reached skill level 4 in Conjurations
    30 | D        | Reached skill level 5 in Hexes
    30 | D        | Reached skill level 4 in Summonings
    30 | D        | Reached skill level 5 in Necromancy
    30 | D        | Reached skill level 4 in Translocations
    30 | D        | Reached skill level 5 in Transmutations
    30 | D        | Reached skill level 5 in Fire Magic
    30 | D        | Reached skill level 5 in Ice Magic
    30 | D        | Reached skill level 4 in Air Magic
    30 | D        | Reached skill level 6 in Earth Magic
    30 | D        | Reached skill level 7 in Poison Magic
    30 | D        | Reached skill level 5 in Evocations
    32 | D        | Reached skill level 19 in Evocations
    32 | D        | Reached XP level 26. HP: 67/242 MP: 22/54
    32 | D        | HP: 35/242 [??? (33)]
    33 | D        | Killed a large bag of meat
    33 | D        | Noticed a large bag of meat
    34 | D        | Reached skill level 23 in Evocations
    34 | D        | Killed a destroyer
    35 | D        | Reached skill level 27 in Evocations
    35 | D        | Reached skill level 6 in Short Blades
    35 | D        | Reached skill level 6 in Long Blades
    35 | D        | Reached skill level 6 in Slings
    35 | D        | Reached skill level 5 in Bows
    35 | D        | Reached skill level 6 in Crossbows
    35 | D        | Reached skill level 6 in Throwing
    35 | D        | Reached skill level 5 in Conjurations
    35 | D        | Reached skill level 7 in Hexes
    35 | D        | Reached skill level 6 in Summonings
    35 | D        | Reached skill level 6 in Necromancy
    35 | D        | Reached skill level 6 in Translocations
    35 | D        | Reached skill level 7 in Transmutations
    35 | D        | Reached skill level 6 in Fire Magic
    35 | D        | Reached skill level 6 in Ice Magic
    35 | D        | Reached skill level 5 in Air Magic
    35 | D        | Reached skill level 8 in Earth Magic
    35 | D        | Reached skill level 9 in Poison Magic
    36 | D        | Reached skill level 10 in Short Blades
    36 | D        | Reached skill level 9 in Long Blades
    36 | D        | Reached skill level 10 in Slings
    36 | D        | Reached skill level 8 in Bows
    36 | D        | Reached skill level 9 in Crossbows
    36 | D        | Reached skill level 9 in Throwing
    36 | D        | Reached skill level 9 in Conjurations
    36 | D        | Reached skill level 11 in Hexes
    36 | D        | Reached skill level 9 in Summonings
    36 | D        | Reached skill level 10 in Necromancy
    36 | D        | Reached skill level 9 in Translocations
    36 | D        | Reached skill level 10 in Transmutations
    36 | D        | Reached skill level 10 in Fire Magic
    36 | D        | Reached skill level 10 in Ice Magic
    36 | D        | Reached skill level 8 in Air Magic
    36 | D        | Reached skill level 11 in Earth Magic
    36 | D        | Reached skill level 12 in Poison Magic
    36 | D        | Reached XP level 27. HP: 230/249 MP: 23/54
    37 | D        | Reached skill level 11 in Short Blades
    37 | D        | Reached skill level 10 in Long Blades
    37 | D        | Reached skill level 11 in Slings
    37 | D        | Reached skill level 9 in Bows
    37 | D        | Reached skill level 11 in Crossbows
    37 | D        | Reached skill level 11 in Throwing
    37 | D        | Reached skill level 10 in Conjurations
    37 | D        | Reached skill level 12 in Hexes
    37 | D        | Reached skill level 11 in Summonings
    37 | D        | Reached skill level 11 in Necromancy
    37 | D        | Reached skill level 10 in Translocations
    37 | D        | Reached skill level 12 in Transmutations
    37 | D        | Reached skill level 11 in Fire Magic
    37 | D        | Reached skill level 11 in Ice Magic
    37 | D        | Reached skill level 9 in Air Magic
    37 | D        | Reached skill level 13 in Earth Magic
    37 | D        | Reached skill level 14 in Poison Magic
    37 | D        | HP: 62/249 [??? (60)]
    39 | D        | Killed a large bag of meat
    39 | D        | Killed a large bag of meat
    40 | D        | Reached skill level 12 in Short Blades
    40 | D        | Reached skill level 11 in Long Blades
    40 | D        | Reached skill level 12 in Slings
    40 | D        | Reached skill level 10 in Bows
    40 | D        | Reached skill level 11 in Conjurations
    40 | D        | Reached skill level 13 in Hexes
    40 | D        | Reached skill level 12 in Necromancy
    40 | D        | Reached skill level 11 in Translocations
    40 | D        | Reached skill level 13 in Transmutations
    40 | D        | Reached skill level 12 in Fire Magic
    40 | D        | Reached skill level 12 in Ice Magic
    40 | D        | Reached skill level 10 in Air Magic
    40 | D        | Reached skill level 14 in Earth Magic
    40 | D        | Reached skill level 15 in Poison Magic
    42 | D        | Reached skill level 12 in Crossbows
    42 | D        | Reached skill level 12 in Throwing
    42 | D        | Reached skill level 14 in Hexes
    42 | D        | Reached skill level 12 in Summonings
    43 | D        | Noticed a destroyer
    43 | D        | HP: 62/249 [??? (59)]
    46 | D        | Killed a destroyer
    47 | D        | Reached skill level 13 in Short Blades
    47 | D        | Reached skill level 12 in Long Blades
    47 | D        | Reached skill level 13 in Slings
    47 | D        | Reached skill level 11 in Bows
    47 | D        | Reached skill level 13 in Crossbows
    47 | D        | Reached skill level 13 in Throwing
    47 | D        | Reached skill level 12 in Conjurations
    47 | D        | Reached skill level 15 in Hexes
    47 | D        | Reached skill level 13 in Summonings
    47 | D        | Reached skill level 13 in Necromancy
    47 | D        | Reached skill level 12 in Translocations
    47 | D        | Reached skill level 14 in Transmutations
    47 | D        | Reached skill level 13 in Fire Magic
    47 | D        | Reached skill level 13 in Ice Magic
    47 | D        | Reached skill level 11 in Air Magic
    47 | D        | Reached skill level 15 in Earth Magic
    47 | D        | Reached skill level 17 in Poison Magic
    47 | D        | Noticed a tyrant
    54 | D        | Reached skill level 16 in Hexes
    54 | D        | Reached skill level 15 in Transmutations
    54 | D        | Reached skill level 14 in Ice Magic
    54 | D        | Reached skill level 12 in Air Magic
    54 | D        | Reached skill level 16 in Earth Magic
    56 | D        | Reached skill level 14 in Short Blades
    56 | D        | Reached skill level 13 in Long Blades
    56 | D        | Reached skill level 14 in Slings
    56 | D        | Reached skill level 12 in Bows
    56 | D        | Reached skill level 14 in Crossbows
    56 | D        | Reached skill level 14 in Throwing
    56 | D        | Reached skill level 13 in Conjurations
    56 | D        | Reached skill level 14 in Summonings
    56 | D        | Reached skill level 14 in Necromancy
    56 | D        | Reached skill level 13 in Translocations
    56 | D        | Reached skill level 14 in Fire Magic
    56 | D        | Reached skill level 17 in Earth Magic
    56 | D        | Reached skill level 18 in Poison Magic
    59 | D        | Reached skill level 15 in Short Blades
    59 | D        | Reached skill level 15 in Slings
    59 | D        | Reached skill level 17 in Hexes
    59 | D        | Reached skill level 15 in Necromancy
    59 | D        | Reached skill level 14 in Translocations
    59 | D        | Reached skill level 16 in Transmutations
    59 | D        | Reached skill level 15 in Fire Magic
    59 | D        | Reached skill level 15 in Ice Magic
    59 | D        | Reached skill level 13 in Air Magic
   110 | D        | Noticed a dread
   110 | D        | Noticed a fleshlord
   110 | D        | Noticed a fleshlord
   133 | D        | Noticed a dread
   133 | D        | Noticed a fleshlord
   134 | D        | Noticed a large bag of meat
   143 | D        | Reached skill level 14 in Long Blades
   143 | D        | Reached skill level 13 in Bows
   143 | D        | Reached skill level 15 in Crossbows
   143 | D        | Reached skill level 15 in Throwing
   143 | D        | Reached skill level 14 in Conjurations
   143 | D        | Reached skill level 15 in Summonings
   143 | D        | Reached skill level 18 in Earth Magic
   143 | D        | Reached skill level 19 in Poison Magic
   146 | D        | Killed a fleshlord
   190 | D        | Noticed a tyrant
   190 | D        | Noticed a meat beast
   190 | D        | Noticed a dread
   190 | D        | Noticed a dread
   190 | D        | Noticed a dread
   190 | D        | Noticed a dread
   190 | D        | Noticed a fleshlord
   191 | D        | Noticed a fleshlord
   191 | D        | HP: 62/249 [??? (59)]
   191 | D        | Noticed a fleshlord
   192 | D        | Reached skill level 18 in Hexes
   192 | D        | Reached skill level 17 in Transmutations
   192 | D        | HP: 17/249 [??? (15)]
   192 | D        | Killed from afar by a dread

Vanquished Creatures
  A hell knight (D)
  A great orb of eyes (D)
  2 vampire knights (D)
  16 ogres (D)
  4 two-headed ogres (D)
  35 orcs (D)
  A skeletal warrior (D)
60 creatures vanquished.

Vanquished Creatures (others)
  A two-headed ogre (D)
  2 orcs (D)
3 creatures vanquished.

Grand Total: 63 creatures vanquished

Table legend:
 A = Non-vault XP
 B = Vault XP
 C = Vault XP percentage of total XP
 D = Non-vault monster count
 E = Vault monster count
 F = Vault count percentage of total count
                 A         B        C        D         E       F
            +---------+---------+-------+---------+---------+-------
      Total |  587340 |  753442 |  56.2 |      21 |      38 |  64.4
            +---------+---------+-------+---------+---------+-------
          D |  587340 |  753442 |  56.2 |      21 |      38 |  64.4
            +---------+---------+-------+---------+---------+-------

Illustrated notes

Table legend:
 A = Kills in this place as a percentage of kills in entire the game.
 B = Kills by you in this place as a percentage of kills by you in the entire game.
 C = Kills by friends in this place as a percentage of kills by friends in the entire game.
 D = Other kills in this place as a percentage of other kills in the entire game.
 E = Experience gained in this place as a percentage of experience gained in the entire game.
 F = Experience gained in this place divided by the number of levels of this place that you have seen.
                   A       B       C       D       E      F
               +-------+-------+-------+-------+-------+----------------------
         Total | 100.0 | 100.0 |   N/A |   N/A | 100.0 | 1340782.0
       Dungeon | 100.0 | 100.0 |   N/A |   N/A | 100.0 | 1340782.0
               +-------+-------+-------+-------+-------+----------------------

Table legend: (Time is in decaauts)
 A = Elapsed time spent in this place.
 B = Non-inter-level travel time spent in this place.
 C = Inter-level travel time spent in this place.
 D = Time resting spent in this place.
 E = Time spent auto-exploring this place.
 F = Levels seen in this place.
 G = Mean time per level.
                   A        B        C        D        E       F      G
               +--------+--------+--------+--------+--------+-----+--------+
         Total |    208 |    208 |      0 |      6 |      0 |   1 |  208.0 |
       Dungeon |    208 |    208 |      0 |      6 |      0 |   1 |  208.0 |
               +--------+--------+--------+--------+--------+-----+--------+

Top non-repeatable levels by time:
       D: 208 daAuts
